 Dungeon Crawl Stone Soup version 0.19.1 (webtiles) character file.

717 sveltemanboy the Basher (level 7, -3/67 HPs)
             Began as an Ogre Gladiator on Nov 27, 2016.
             Slain by a centaur zombie (8 damage)
             ... in an ossuary.
             The game lasted 00:08:32 (4063 turns).

sveltemanboy the Basher (Ogre Gladiator)            Turns: 4063, Time: 00:08:33

Health: -3/67      AC:  5    Str: 21    XL:     7   Next: 70%
Magic:  7/7        EV: 10    Int:  9    God:
Gold:   196        SH:  0    Dex: 10    Spells: 0 memorised, 6 levels left

rFire  + . .     SeeInvis .     s - +2 mace (crush)
rCold  . . .     Gourm    .     d - +2 robe {rF+}
rNeg   . . .     Faith    .     (no shield)
rPois  .         Spirit   .     c - +0 hat
rElec  .         Reflect  .     (no cloak)
rCorr  .         Harm     .     (gloves unavailable)
MR     .....                    (boots unavailable)
Stlth  +.........               (no amulet)
                                (no ring)
                                (no ring)

@: no status effects
A: unfitting armour, tough skin 1
a: no special abilities


You were in an ossuary.
You were hungry.

You visited 1 branch of the dungeon, and saw 4 of its levels.
You also visited: Ossuary.

You collected 196 gold pieces.

Inventory:

Hand Weapons
 a - a +0 flail
 s - a +2 mace of crushing (weapon)
Missiles
 t - 2 throwing nets (quivered)
Armour
 c - a +0 hat (worn)
 d - a +2 robe of fire resistance (worn)
Wands
 p - a wand of confusion (7/48)
Scrolls
 g - 2 scrolls of noise {unknown}
 i - a scroll of fog {unknown}
 j - 4 scrolls of remove curse {unknown}
 k - a scroll of recharging {unknown}
 o - 2 scrolls of enchant weapon {unknown}
 r - a scroll of identify
Potions
 e - 2 potions of curing
 h - 2 potions of magic
 n - a potion of lignification
 u - a potion of brilliance {unknown}
Comestibles
 f - 2 bread rations
 l - a slice of pizza
 m - 2 meat rations


   Skills:
 - Level 3.1 Fighting
 * Level 9.4 Maces & Flails
 + Level 4.7 Throwing
 - Level 1.0 Armour
 - Level 3.0 Dodging


You had 6 spell levels left.
You didn't know any spells.

Dungeon Overview and Level Annotations

Branches:
Dungeon (4/15)
 Temple: D:4-7

Altars:


Innate Abilities, Weirdness & Mutations

You are too large for most types of armour.
You have tough skin. (AC +1)


Message History

The human zombie barely misses you.
You closely miss the human zombie.
The human zombie is severely damaged.
The centaur zombie hits you but does no damage.
The centaur zombie barely misses you.
You barely miss the human zombie.
The human zombie is severely damaged.
The human zombie closely misses you. The centaur zombie barely misses you.
You sock the human zombie!
The human zombie is almost destroyed.
The centaur zombie hits you!
* * * LOW HITPOINT WARNING * * *
The human zombie hits you.
* * * LOW HITPOINT WARNING * * *
The human zombie hits you.
* * * LOW HITPOINT WARNING * * *
The human zombie hits you.
* * * LOW HITPOINT WARNING * * *
The centaur zombie hits you!
You die...

#.......# #.....#
#.# #'# ###.###
##### ##.....##
##...## #.......#
#.....#
##...∩...###.(...##
+...∩∩∩...(@Z...(.#
##...∩...###Z....##
#.......# #.....#
##.....## ##...##
###.### ##### #+#


You could see a centaur zombie and a human zombie.

Vanquished Creatures
  A phantom (D:4)
  2 elf zombies (Ossuary)
  A scorpion (D:4)
  2 centaur zombies (Ossuary)
  2 human zombies (Ossuary)
  A bullfrog skeleton (D:4)
  An orc priest (D:3)
  A hound (D:4)
  2 orc wizards (D:4)
  2 mummies (Ossuary)
  Robin (D:2)
  4 adders
  An ooze (D:1)
  3 dart slugs
  3 leopard geckos
  10 orcs
  5 giant cockroaches
  8 hobgoblins
  4 jackals (D:3)
  7 bats
  4 frilled lizards
  18 goblins
  A jackal skeleton (D:4)
  9 kobolds
  A quokka skeleton (D:4)
  9 rats
103 creatures vanquished.

Notes
Turn   | Place    | Note
-------+----------+-------------------------------------------
     0 | D:1      | sveltemanboy the Ogre Gladiator began the quest for the Orb.
     0 | D:1      | Reached XP level 1. HP: 22/22 MP: 1/1
   553 | D:1      | Reached XP level 2. HP: 29/29 MP: 2/2
  1073 | D:1      | Reached XP level 3. HP: 26/36 MP: 3/3
  1297 | D:2      | Reached skill level 5 in Maces & Flails
  1743 | D:2      | Reached XP level 4. HP: 45/45 MP: 4/4
  1745 | D:2      | Noticed Robin
  1854 | D:2      | Killed Robin
  2396 | D:3      | Reached XP level 5. HP: 26/53 MP: 5/5
  2535 | D:3      | Reached skill level 6 in Maces & Flails
  2617 | D:3      | Reached skill level 1 in Armour
  2857 | D:4      | Noticed a phantom
  2890 | D:4      | Killed a phantom
  2890 | D:4      | Reached skill level 7 in Maces & Flails
  2890 | D:4      | Reached XP level 6. HP: 28/61 MP: 6/6
  3447 | D:4      | Reached skill level 8 in Maces & Flails
  3457 | D:4      | Reached XP level 7. HP: 47/67 MP: 7/7
  3577 | D:4      | Found a sand-covered staircase.
  3589 | Ossuary  | Entered an ossuary
  3905 | Ossuary  | Reached skill level 9 in Maces & Flails
  4063 | Ossuary  | Slain by a centaur zombie

Skill      XL: |  1  2  3  4  5  6  7 |
---------------+----------------------+-----
Maces & Flails | 5 7 8 9 |  9.4
Fighting       | 3 |  3.1
Dodging        | 3 |  3.0
Throwing       | 3 4 |  4.7
Armour         | 1 |  1.0

Action                   |  1- 3 |  4- 6 |  7- 9 || total
-------------------------+-------+-------+-------++-------
Melee: Flail             |   104 |    69 |       ||   173
       Mace              |       |   122 |    77 ||   199
Throw: Throwing net      |     1 |     3 |       ||     4
       Tomahawk          |       |       |     5 ||     5
Evoke: Wand              |     1 |       |     4 ||     5
  Use: Scroll            |       |     4 |       ||     4
       Potion            |       |     3 |       ||     3
 Stab: Sleeping          |     1 |       |       ||     1
       Confused          |       |       |     4 ||     4
  Eat: Chunk             |     3 |     5 |     1 ||     9
       Fruit             |       |       |     1 ||     1
Armor: Robe              |    20 |    39 |     8 ||    67
Dodge: Dodged            |    59 |    88 |    25 ||   172
